 Dungeon Crawl Stone Soup version 0.27-a0-1591-gc56fcc985a (webtiles) character file.

Game seed: 14507721262121547562

581 Mitsuki the Covered (level 7, -5/62 HPs)
             Began as a Minotaur Fighter on July 19, 2021.
             Slain by an orc warrior (8 damage)
             ... on level 5 of the Dungeon.
             The game lasted 00:06:20 (4627 turns).

Mitsuki the Covered (Minotaur Fighter)              Turns: 4627, Time: 00:06:20

Health: -5/62      AC: 11    Str: 23    XL:     7   Next: 13%
Magic:  6/6        EV:  6    Int:  5    God:
Gold:   235        SH: 10    Dex:  9    Spells: 6/6 levels left

rFire    . . .     SeeInvis .   a - +0 long sword
rCold    . . .     Faith    .   c - +0 kite shield
rNeg     . . .     Spirit   .   u - +0 chain mail
rPois    .         Reflect  .   (helmet restricted)
rElec    .         Harm     .   (no cloak)
rCorr    +         Rampage  .   s - +0 pair of gloves
Will     .....                  (no boots)
Stlth    ..........             (no amulet)
HPRegen  0.20/turn              k - ring of resist corrosion
MPRegen  0.10/turn              (no ring)

@: no status effects
A: horns 2, retaliatory headbutt
a: no special abilities


You were on level 5 of the Dungeon.
You visited 1 branch of the dungeon, and saw 5 of its levels.

You collected 235 gold pieces.

Inventory:

Hand Weapons
 a - a +0 long sword (weapon)
Armour
 c - a +0 kite shield (worn)
 p - +0 ice dragon scales
 s - a +0 pair of gloves (worn)
 u - a +0 chain mail (worn)
Jewellery
 k - a ring of resist corrosion (left hand)
Scrolls
 g - 4 scrolls of identify {unknown}
 h - 2 scrolls of fog {unknown}
 i - a scroll of enchant weapon {unknown}
 m - 3 scrolls of summoning {unknown}
 n - a scroll of vulnerability {unknown}
 q - a scroll of fear {unknown}
 r - a scroll of silence {unknown}
Potions
 d - 2 potions of might
 e - 2 potions of attraction {unknown}
 f - a potion of berserk rage {unknown}
 j - a potion of ambrosia {unknown}
 l - 2 potions of mutation {unknown}
 o - 3 potions of flight {unknown}
 t - a potion of cancellation {unknown}


   Skills:
 + Level 5.8 Fighting
 + Level 5.1 Long Blades
 + Level 5.8 Armour
 + Level 5.8 Shields


You had 6 spell levels left.
You didn't know any spells.
Your spell library contained the following spells:

 Spells                   Type           Power      Damage    Failure   Level
 Corona                   Hex            0%         N/A       100%        1
 Ensorcelled Hibernation  Hex/Ice        0%         N/A       100%        2
 Tukima's Dance           Hex            0%         N/A       100%        3


Dungeon Overview and Level Annotations

Branches:
Dungeon (5/15)
 Temple: D:4-7

Altars:
Ashenzari
Makhleb
Sif Muna
Uskayaw
Beogh

Annotations:
D:4 3 runed translucent doors, wazuzu's ghost, amateur OpCj


Innate Abilities, Weirdness & Mutations

You have a pair of horns on your head.
You reflexively headbutt those who attack you in melee.


Message History

The adder is severely wounded.
The adder closely misses you. You furiously retaliate!
You headbutt the adder!
You kill the adder!
No target in view!
You now have 235 gold pieces (gained 8).
Found a stone staircase leading down.
An orc comes into view. It is wielding a +0 mace.
The orc shouts!
You hear a shout! x2
There is a stone staircase leading down here.
The orc hits you but does no damage.
An orc warrior comes into view. It is wielding a +0 glaive.
You barely miss the orc.
The orc warrior shouts!
You headbutt the orc.
You kill the orc!
You block the orc warrior's attack.
You closely miss the orc warrior. You block the orc warrior's attack.
The orc warrior hits you with a +0 glaive!!
You hear a shout!
You take 20 damage, and have 42/62 hp.
MASSIVE DAMAGE!!
You hit the orc warrior but do no damage.
An orc priest comes into view. It is wielding a +0 whip.
The orc warrior hits you with a +0 glaive!
You take 10 damage, and have 32/62 hp.
You barely miss the orc warrior. Your headbutt misses the orc warrior.
The orc warrior hits you with a +0 glaive.
You take 2 damage, and have 30/62 hp.
You hit the orc warrior but do no damage.
You headbutt the orc warrior.
The orc warrior is moderately wounded.
The orc warrior hits you with a +0 glaive!
You block the orc warrior's attack.
You take 7 damage, and have 23/62 hp.
You hit the orc warrior but do no damage.
The orc warrior is moderately wounded.
The orc warrior hits you with a +0 glaive!!
* * * LOW HITPOINT WARNING * * *
You take 21 damage, and have 2/62 hp.
MASSIVE DAMAGE!!
The orc warrior hits you from afar with a +0 glaive!
You die...

# #. .### ..#
#.###.##
#.oo.@)#
#..###.# ##. #.#
#.##.###>#
#........#
######.### #.# .
#.#
....#######.####


You could see an orc warrior and an orc priest.

Vanquished Creatures
  A black bear (D:4)
  An ogre (D:4)
  A bullfrog skeleton (D:4)
  A hound (D:5)
  Jessica (D:3)
  An iguana (D:4)
  Natasha (thrice) (D:3)
  2 orc wizards (D:3)
  A hound skeleton (D:5)
  3 gnolls
  3 adders
  2 worms (D:2)
  2 dart slugs
  11 orcs
  4 bats
  3 endoplasms
  2 giant cockroaches
  6 hobgoblins
  4 jackals (D:2)
  4 quokkas
  8 ball pythons
  2 frilled lizards (D:1)
  8 goblins
  8 kobolds
  5 rats
87 creatures vanquished.

Vanquished Creatures (others)
  A plant (D:3)
1 creature vanquished.

Grand Total: 88 creatures vanquished

Notes
Turn   | Place    | Note
-------+----------+-------------------------------------------
     0 | D:1      | Mitsuki the Minotaur Fighter began the quest for the Orb.
     0 | D:1      | Reached XP level 1. HP: 19/19 MP: 0/0
   145 | D:1      | Reached XP level 2. HP: 23/27 MP: 1/1
  1209 | D:2      | Found a faded altar of an unknown god.
  1369 | D:2      | Reached XP level 3. HP: 33/33 MP: 2/2
  2161 | D:3      | Reached XP level 4. HP: 31/40 MP: 3/3
  2521 | D:3      | Noticed Natasha
  2526 | D:3      | Killed Natasha
  2548 | D:3      | Reached XP level 5. HP: 46/47 MP: 4/4
  2555 | D:3      | Noticed Jessica
  2561 | D:3      | Killed Jessica
  2704 | D:3      | Found a burning altar of Makhleb.
  2704 | D:3      | Found a broken altar of Ashenzari.
  2742 | D:3      | Found a shimmering blue altar of Sif Muna.
  3085 | D:3      | Noticed Natasha
  3089 | D:3      | Killed Natasha
  3090 | D:3      | Reached skill level 5 in Armour
  3096 | D:3      | Noticed Natasha
  3111 | D:3      | Killed Natasha
  3112 | D:3      | Reached skill level 5 in Fighting
  3112 | D:3      | Reached skill level 5 in Shields
  3289 | D:4      | Reached XP level 6. HP: 43/56 MP: 5/5
  3645 | D:4      | Found a hide-covered altar of Uskayaw.
  3794 | D:4      | Found a runed translucent gate.
  3794 | D:4      | Noticed wazuzu's ghost (amateur OpCj)
  3796 | D:4      | Found a runed translucent gate.
  3797 | D:4      | Found a runed translucent gate.
  3806 | D:4      | Identified the +0 chain mail of Jigsaw {rElec rC++}
  4008 | D:5      | Entered Level 5 of the Dungeon
  4016 | D:5      | Reached skill level 5 in Long Blades
  4016 | D:5      | Reached XP level 7. HP: 58/62 MP: 6/6
  4626 | D:5      | HP: 2/62 [orc warrior (21)]
  4627 | D:5      | Slain by an orc warrior

Illustrated notes

Levels and vault maps discovered:
D:1:      erik_arrival_cave_to_civilisation [erik_arrival_cave_to_hall],
          layout_loops_ring
D:2:      layout_basic, ebering_ecumenical_altar_webs
D:3:      layout_basic, old_standard_altar, gammafunk_temple_overflow_pools,
          grunt_ministairs_5, corexii_shack, uniq_natasha, uniq_jessica
D:4:      layout_cave_pools, general_overflow_altar, biasface_ghost_orc_armoury
D:5:      layout_loops_cross, temple_pool_b

Skill      XL: |  1  2  3  4  5  6 |
---------------+-------------------+-----
Armour         | 4 5 |  5.8
Fighting       | 4 5 |  5.8
Shields        | 4 5 |  5.8
Long Blades    | 3 4 5 |  5.1

Action                   |  1- 3 |  4- 6 |  7- 9 || total
-------------------------+-------+-------+-------++-------
Melee: Long sword        |   102 |   126 |    24 ||   252
       Headbutt          |    15 |    26 |     3 ||    44
Armor: Scale mail        |    43 |    19 |       ||    62
       Ice dragon scales |       |    41 |     6 ||    47
       Chain mail        |       |       |     1 ||     1
Dodge: Dodged            |    29 |    31 |    10 ||    70
Block: Kite shield       |    54 |    69 |    13 ||   136
       Rpst.: Long sword |     5 |     5 |     3 ||    13

Table legend: (Time is in decaauts)
 A = Elapsed time spent in this place.
 B = Non-inter-level travel time spent in this place.
 C = Inter-level travel time spent in this place.
 D = Time resting spent in this place.
 E = Time spent auto-exploring this place.
 F = Levels seen in this place.
 G = Mean time per level.
                   A        B        C        D        E       F      G
               +--------+--------+--------+--------+--------+-----+--------+
         Total |   4736 |   4477 |    259 |    293 |   3499 |   5 |  947.2 |
       Dungeon |   4736 |   4477 |    259 |    293 |   3499 |   5 |  947.2 |
               +--------+--------+--------+--------+--------+-----+--------+

Top non-repeatable levels by time:
     D:3: 1359 daAuts
     D:1: 1147 daAuts
     D:4: 1086 daAuts
     D:2: 962 daAuts
     D:5: 181 daAuts
